 Dungeon Crawl Stone Soup version 0.31-a0-1603-gbec6b6c (webtiles) character file.

Game seed: 5795413396338654779

27 Dorkslayer the Trooper (level 2, -1/24 HPs)
             Began as a Demonspawn Fighter on Jan 7, 2024.
             Slain by an adder (3 damage)
             ... on level 3 of the Dungeon.
             The game lasted 00:02:34 (1415 turns).

Dorkslayer the Trooper (Demonspawn Fighter)         Turns: 1415, Time: 00:02:35

Health: -1/24      AC:  8    Str: 16    XL:     2   Next: 93%
Magic:  2/2        EV:  9    Int:  8    God:
Gold:   80         SH:  9    Dex: 12    Spells: 1/1 levels left

rFire   . . .        a - +0 war axe
rCold   . . .        c - +0 buckler
rNeg    . . .        b - +0 scale mail
rPois   .            (no helmet)
rElec   .            (no cloak)
rCorr   .            (no gloves)
SInv    .            (no boots)
Will    .....        j - amulet of reflection Stlth
                     (no ring)
HPRegen 0.24/turn    (no ring)
MPRegen 0.08/turn

%: reflection
@: lethally poisoned (-1 -> -5)
A: thin metallic scales 1, sense surroundings 1, MP-powered wands
a: no special abilities


You were on level 3 of the Dungeon.
You visited 1 branch of the dungeon, and saw 3 of its levels.

You collected 80 gold pieces.

Inventory:

Hand Weapons
 a - a +0 war axe (weapon)
Armour
 b - a +0 scale mail (worn)
 c - a +0 buckler (worn)
Jewellery
 j - an amulet of reflection (around neck)
Scrolls
 e - a scroll of enchant weapon {unknown}
 f - a scroll of torment {unknown}
 i - 2 scrolls of identify {unknown}
Potions
 d - a potion of might
 k - a potion of haste {unknown}


   Skills:
 + Level 3.2 Fighting
 + Level 2.1 Axes
 + Level 2.9 Armour
 * Level 0.7 Dodging
 + Level 3.0 Shields


You had one spell level left.
You didn't know any spells.
Your spell library contained the following spells:

 Spells                   Type           Power      Damage    Failure   Level
 Ensorcelled Hibernation  Hex/Ice        0%         N/A       97%         2
 Passwall                 Erth           0%         N/A       99%         3
 Summon Ice Beast         Ice/Summ       0%         N/A       99%         3
 Swiftness                Air            0%         N/A       99%         3
 Brom's Barrelling Bould  Conj/Erth      0%         2d3       100%        4
 Fireball                 Conj/Fire      0%         3d3       100%        5
 Iskenderun's Battlesphe  Conj           0%         2d6       100%        5
 Summon Mana Viper        Hex/Summ       0%         N/A       100%        5
 Conjure Ball Lightning   Conj/Air       0%         3x3d6     100%        6
 Monstrous Menagerie      Summ           0%         N/A       100%        7
 Orb of Destruction       Conj           0%         9d5       100%        7


Dungeon Overview and Level Annotations

Branches:
Dungeon (3/15)

Altars:

Shops:
D:2 =


Innate Abilities, Weirdness & Mutations

You are partially covered in thin metallic scales. (AC +2)
You passively map a small area around you.
You expend magic power (3 MP) to strengthen your wands.


Message History

You closely miss the adder. You barely miss the orc.
The adder barely misses you.
An adder comes into view.
The orc barely misses you. The adder completely misses you.
You block the endoplasm's attack.
You barely miss the adder. You hit the orc. You hit the endoplasm.
The orc hits you with a +0 flail. The adder barely misses you.
The endoplasm freezes you.
You are frozen.
You block the orc's attack. The adder bites you but does no damage.
You barely miss the adder. You barely miss the endoplasm.
You hit the orc but do no damage. You block the adder's attack.
The endoplasm freezes you.
You are frozen.
The orc closely misses you. The adder bites you.
You closely miss the adder. You slash the endoplasm!
You kill the endoplasm!
You closely miss the orc. The orc hits you with a +0 flail.
The adder bites you.
* * * LOW HITPOINT WARNING * * *
You block the orc's attack.
You hit the adder.
The adder is lightly wounded.
You barely miss the orc. The adder bites you but does no damage.
You block the adder's attack. The orc hits you with a +0 flail.
* * * LOW HITPOINT WARNING * * *
The adder bites you.
* * * LOW HITPOINT WARNING * * *
You are lethally poisoned!
The adder poisons you!
It was a potion of magic.
Magic courses through your body.
* * * LOW HITPOINT WARNING * * *
You feel sick. The adder closely misses you. You block the adder's attack.
You block the orc's attack.
It was a potion of mutation.
You feel extremely strange.
You feel a strange attunement to the structure of the dungeons.
You feel your magical essence link to the dungeon's wands.
* * * LOW HITPOINT WARNING * * *
You feel sick. The adder closely misses you. The adder barely misses you.
You block the orc's attack. The adder closely misses you. The adder bites you.
You die...

#### ** , ##..?##
,, .......####*
,, ...$...?..##
........8..## , *
##.o@....#### ,
#...SS....... , *
* *
#.............. *
......8...8.....,
................
,
.......#.#......
* , * *
................
,
..............##
, ###..........#


You could see 2 adders and an orc.

Vanquished Creatures
  3 bats
  2 endoplasms
  A giant cockroach (D:2)
  3 goblins
  3 hobgoblins (D:2)
  2 jackals (D:2)
  A kobold (D:1)
  A quokka (D:2)
  7 frilled lizards
  A rat (D:1)
24 creatures vanquished.

Notes
Turn   | Place    | Note
-------+----------+-------------------------------------------
     0 | D:1      | Dorkslayer the Demonspawn Fighter began the quest for the
                  | Orb.
     0 | D:1      | Reached XP level 1. HP: 18/18 MP: 1/1
   158 | D:1      | Found a faded altar of an unknown god.
   897 | D:2      | Gained mutation: You are partially covered in thin metallic
                  | scales. (AC +2) [demonic ancestry]
   897 | D:2      | Reached XP level 2. HP: 24/24 MP: 2/2
  1079 | D:2      | Found Datrioh's Jewellery Shop.
  1415 | D:3      | Gained mutation: You passively map a small area around you.
                  | [potion of mutation]
  1415 | D:3      | Gained mutation: You expend magic power (3 MP) to
                  | strengthen your wands. [potion of mutation]
  1415 | D:3      | Slain by an adder

Illustrated notes

Levels and vault maps discovered:
D:1:      dpeg_arrival_court, layout_basic, hellmonk_ecumenical_altar_crossroads
D:2:      layout_rooms, serial_shops, nicolae_square_shop,
          nicolae_elevator_lobby_plus
D:3:      layout_basic, grunt_ministairs_1, minivault_19

Skill      XL: |  1  2 |
---------------+-------+-----
Axes           | 2 |  2.1
Shields        | 3 |  3.0
Fighting       | |  3.2
Armour         | |  2.9
Dodging        | |  0.7

Action                     || total
---------------------------++-------
  Melee: War axe           ||    65
    Use: Potion            ||     2
 Armour: Scale mail        ||    39
  Dodge: Dodged            ||    33
  Block: Buckler           ||    37

Table legend: (Time is in decaauts)
 A = Elapsed time spent in this place.
 B = Non-inter-level travel time spent in this place.
 C = Inter-level travel time spent in this place.
 D = Time resting spent in this place.
 E = Time spent auto-exploring this place.
 F = Levels seen in this place.
 G = Mean time per level.
                   A        B        C        D        E       F      G
               +--------+--------+--------+--------+--------+-----+--------+
         Total |   1443 |   1443 |      0 |      0 |    928 |   3 |  481.0 |
       Dungeon |   1443 |   1443 |      0 |      0 |    928 |   3 |  481.0 |
               +--------+--------+--------+--------+--------+-----+--------+

Top non-repeatable levels by time:
     D:1: 871 daAuts
     D:2: 560 daAuts
     D:3: 11 daAuts
